 Dungeon Crawl Stone Soup version 0.24-a0-91-g4e4936a (webtiles) character file.

Game seed: 3648954031724519307

137 Borgoz the Covered (level 5, -8/33 HPs)
             Began as a Gargoyle Fighter on Feb 9, 2019.
             Mangled by an orc warrior
             ... wielding a +0 hand axe
              (18 damage)
             ... on level 3 of the Dungeon.
             The game lasted 00:02:57 (1503 turns).

Borgoz the Covered (Gargoyle Fighter)               Turns: 1503, Time: 00:02:58

Health: -8/33      AC: 11    Str: 25    XL:     5   Next: 20%
Magic:  5/5        EV:  8    Int:  8    God:
Gold:   85         SH: 10    Dex: 10    Spells: 4/4 levels left

rFire    . . .     SeeInvis .   a - +0 war axe
rCold    . . .     Gourm    .   c - +0 shield
rNeg     + . .     Faith    .   b - +0 scale mail
rPois    ∞         Spirit   .   (no helmet)
rElec    +         Reflect  .   (no cloak)
rCorr    .         Harm     .   (no gloves)
MR       .....                  (no boots)
Stlth    +.........             (no amulet)
HPRegen  0.11/turn              (no ring)
MPRegen  0.09/turn              p - ring of stealth

@: mighty
A: negative energy resistance 1, electricity resistance, unbreathing,
petrification resistance, rot immunity, AC +4
a: no special abilities


You were on level 3 of the Dungeon.
You were hungry.

You visited 1 branch of the dungeon, and saw 4 of its levels.

You collected 85 gold pieces.

Inventory:

Hand Weapons
 a - a +0 war axe (weapon)
Missiles
 r - a throwing net (quivered)
Armour
 b - a +0 scale mail (worn)
 c - a +0 shield (worn)
Jewellery
 p - a ring of stealth (right hand)
Scrolls
 e - a scroll of immolation {unknown}
Potions
 d - a potion of might
 g - a potion of ambrosia {unknown}
 h - a potion of magic {unknown}
 i - a potion of haste {unknown}
 j - a potion of resistance {unknown}
 k - 3 potions of degeneration {unknown}
 l - a potion of cancellation {unknown}
 m - 2 potions of curing
Comestibles
 f - 4 rations
 n - 4 chunks of flesh


   Skills:
 + Level 3.7 Fighting
 * Level 2.9 Axes
 + Level 3.9 Armour
 * Level 1.8 Dodging
 + Level 3.9 Shields


You had 4 spell levels left.
You didn't know any spells.
Your spell library was empty.

Dungeon Overview and Level Annotations

Branches:
Dungeon (4/15)
 Temple: D:4-7

Altars:


Innate Abilities, Weirdness & Mutations

You are resistant to torment.
Your stone body is resilient. (AC +4)
You are immune to poison.
You resist negative energy. (rN+)
You are resistant to electric shocks. (rElec)
You can survive without breathing.
You are immune to petrification.
You are immune to rotting.


Message History

You block the orc warrior's attack.
The orc warrior hits you with a +0 hand axe!
You are too injured to fight recklessly!
You are too injured to fight recklessly!
You are too injured to fight recklessly!
You closely miss the orc warrior.
The orc warrior hits you with a +0 hand axe.
* * * LOW HITPOINT WARNING * * *
You slash the orc warrior!
The orc warrior is heavily wounded.
The orc warrior completely misses you.
You hit the orc warrior.
The orc warrior is severely wounded.
The orc warrior completely misses you.
The orc warrior hits you but does no damage.
You hit the orc warrior but do no damage.
The orc warrior is severely wounded.
The orc warrior hits you with a +0 hand axe!!
Ouch! That really hurt!
You die...

### #.. #g# #o# #o#
#o# #@# ####)###
#......########
#...........(.#
+.........>##)#
#.......<...#.#
#.......#.)...#######
#.......#............
####....#............


You could see an orc warrior, 2 orcs and a hobgoblin.

Vanquished Creatures
  An orc wizard (D:3)
  A gnoll (D:1)
  2 adders (D:2)
  2 oozes (D:1)
  A worm (D:2)
  2 dart slugs
  2 leopard geckos (D:2)
  2 orcs
  3 giant cockroaches
  6 goblins
  6 hobgoblins
  12 jackals
  6 bats
  6 frilled lizards
  4 kobolds
  4 rats
60 creatures vanquished.

Notes
Turn   | Place    | Note
-------+----------+-------------------------------------------
     0 | D:1      | Borgoz the Gargoyle Fighter began the quest for the Orb.
     0 | D:1      | Reached XP level 1. HP: 14/14 MP: 1/1
   123 | D:1      | Reached XP level 2. HP: 19/19 MP: 2/2
   261 | D:1      | Reached skill level 1 in Dodging
   292 | D:1      | Reached XP level 3. HP: 21/23 MP: 3/3
   846 | D:2      | Reached XP level 4. HP: 28/28 MP: 4/4
  1488 | D:3      | Noticed an orc warrior
  1494 | D:3      | Reached XP level 5. HP: 33/33 MP: 5/5
  1503 | D:3      | Mangled by an orc warrior

Levels and vault maps discovered:
D:1:      minmay_arrival_widening_spiral_wide, layout_loops_corners,
          serial_glass, glass_columns_a, glass_columns_b, glass_columns_a,
          glass_columns_a, glass_columns_b, glass_columns_a
D:2:      layout_rooms
D:3:      layout_basic, nicolae_ru_path_of_blood
D:4:      layout_loops_ring, first_ration, minmay_distorted

Skill      XL: |  1  2 |
---------------+-------+-----
Axes           | 2 |  2.9
Dodging        | 1 |  1.8
Fighting       | |  3.7
Armour         | |  3.9
Shields        | |  3.9

Action                   |  1- 3 |  4- 6 || total
-------------------------+-------+-------++-------
Melee: War axe           |    86 |   139 ||   225
  Use: Scroll            |       |     6 ||     6
       Potion            |       |     1 ||     1
  Eat: Chunk             |       |     2 ||     2
Armor: Scale mail        |    45 |   109 ||   154
Dodge: Dodged            |    24 |    67 ||    91
Block: Shield            |    46 |    91 ||   137

Table legend:
 A = Non-vault XP
 B = Vault XP
 C = Vault XP percentage of total XP
 D = Non-vault monster count
 E = Vault monster count
 F = Vault count percentage of total count
                 A         B        C        D         E       F
            +---------+---------+-------+---------+---------+-------
      Total |     197 |       0 |   0.0 |      60 |       0 |   0.0
            +---------+---------+-------+---------+---------+-------
        D:1 |      73 |       0 |   0.0 |      28 |       0 |   0.0
        D:2 |      72 |       0 |   0.0 |      26 |       0 |   0.0
        D:3 |      47 |       0 |   0.0 |       4 |       0 |   0.0
        D:4 |       5 |       0 |   0.0 |       2 |       0 |   0.0
            +---------+---------+-------+---------+---------+-------
